 Dungeon Crawl Stone Soup version 0.25-a0-869-g05d4e06a41 (webtiles) character file.

Game seed: 15836196053270082886, levelgen mode: deterministic

3658 kae the Grappler (level 9, -3/83 HPs)
             Began as a Black Draconian Berserker on Apr 30, 2020.
             Was a Priest of Trog.
             Slain by a crocodile (10 damage)
             ... on level 9 of the Dungeon.
             The game lasted 00:06:08 (8623 turns).

kae the Grappler (Black Draconian Berserker)        Turns: 8623, Time: 00:06:09

Health: -3/83      AC:  7    Str: 23    XL:     9   Next: 88%
Magic:  9/9        EV: 13    Int:  7    God:    Trog [***...]
Gold:   428        SH:  0    Dex: 11    Spells: 8/8 levels left

rFire    x . .     SeeInvis .     - Unarmed
rCold    + . .     Gourm    +   (no shield)
rNeg     . . .     Faith    .   (armour unavailable)
rPois    .         Spirit   .   (helmet restricted)
rElec    +         Reflect  .   (no cloak)
rCorr    +         Harm     .   (no gloves)
MR       .....                  (no boots)
Stlth    +.........             n - amulet of the gourmand
HPRegen  0.23/turn              j - ring of resist corrosion
MPRegen  0.11/turn              l - ring of ice

@: lightly drained
A: breathe lightning, unfitting armour, electricity resistance, cold-blooded, AC
+7
a: Breathe Lightning, Berserk, Trog's Hand, Renounce Religion


You were on level 9 of the Dungeon.
You worshipped Trog.
Trog was most pleased with you.
You were not hungry.

You visited 1 branch of the dungeon, and saw 9 of its levels.

You collected 428 gold pieces.

Inventory:

Jewellery
 j - a ring of resist corrosion (left hand)
 l - a ring of ice (right hand)
 n - an amulet of the gourmand (around neck)
 t - an uncursed ring of positive energy
Wands
 i - a wand of random effects (20)
Scrolls
 d - a scroll of enchant weapon
 e - a scroll of teleportation
 o - 2 scrolls of remove curse
 q - a scroll of blinking
Potions
 b - 2 potions of flight
 c - 2 potions of brilliance
 f - a potion of ambrosia
 g - 2 potions of curing
 h - a potion of heal wounds {unknown}
 k - 3 potions of might {unknown}
 m - a potion of cancellation {unknown}
 p - 2 potions of degeneration
Comestibles
 a - 8 rations


   Skills:
 + Level 9.3(9.0) Fighting
 + Level 4.4(4.3) Dodging
 * Level 11.4(11.2) Unarmed Combat


You had 8 spell levels left.
You didn't know any spells.
Your spell library was empty.

Dungeon Overview and Level Annotations

Branches:
Dungeon (9/15)             Temple (0/1) D:6
   Lair: D:8-11         Orc: D:9-12

Altars:
Cheibriados
Dithmenos
Kikubaaqudgha
Ru
Yredelemnul

Shops:
D:7 =


Innate Abilities, Weirdness & Mutations

You can breathe wild blasts of lightning.
Your glossy black scales are hard. (AC +7)
You cannot fit into any form of body armour.
You are resistant to electric shocks. (rElec)
You are cold-blooded and may be slowed by cold attacks.


Message History

Trog accepts your kill.
Things that are here:
a kobold corpse; a porcupine corpse
There is a stone staircase leading up here.
You hit the iguana.
The iguana is lightly wounded.
The iguana misses you.
You punch the iguana!
You kill the iguana!
Trog accepts your kill.
You closely miss the crocodile. The crocodile bites you.
The porcupine bites you!
You punch the crocodile!
Your tail-slap misses the crocodile.
The crocodile is heavily wounded.
The crocodile bites you!
* * * LOW HITPOINT WARNING * * *
The porcupine bites you!
* * * LOW HITPOINT WARNING * * *
You feel better. The porcupine misses you. The crocodile bites you!
You die...

P. ## ..P
#.
.P..##)####
.......t..#
#...r@.#
#....).#
P.........#
........#'#
.P.#....#..
..
#....#.## #
######%% ##


You could see a crocodile and a porcupine.

Vanquished Creatures
  Maurice (D:8)
  Grinder (D:4)
  3 hippogriffs
  A spriggan (D:9)
  Edmund (D:6)
  A porcupine (D:9)
  An orc warrior (D:6)
  3 phantoms
  2 ice beasts
  2 ogres
  5 centaurs
  A bullfrog (D:7)
  A gnoll sergeant (D:6)
  A scorpion (D:4)
  A wight (D:9)
  4 crimson imps
  A centaur zombie (D:7)
  A jelly (D:5)
  5 hounds
  2 orc priests
  A bullfrog skeleton (D:9)
  2 iguanas
  4 orc wizards
  5 worker ants
  A killer bee zombie (D:9)
  A hound skeleton (D:7)
  3 worker ant zombies
  4 adders
  2 oozes
  A worm (D:2)
  3 dart slugs
  10 leopard geckos
  15 orcs
  4 ball pythons
  8 bats
  3 giant cockroaches
  9 goblins
  A hobgoblin (D:1)
  4 jackals (D:2)
  A quokka (D:2)
  3 frilled lizards
  2 jackal skeletons
  4 kobolds
  A leopard gecko zombie (D:6)
  2 quokka skeletons
  4 rats
136 creatures vanquished.

Vanquished Creatures (others)
  4 fungi (D:9)
  A plant (D:9)
5 creatures vanquished.

Grand Total: 141 creatures vanquished

Notes
Turn   | Place    | Note
-------+----------+-------------------------------------------
     0 | D:1      | kae the Draconian Berserker began the quest for the Orb.
     0 | D:1      | Reached XP level 1. HP: 19/19 MP: 1/1
     3 | D:1      | Noticed an electric eel
     3 | D:1      | Noticed an electric eel
   187 | D:1      | Reached XP level 2. HP: 15/26 MP: 2/2
   705 | D:1      | Reached XP level 3. HP: 33/33 MP: 3/3
   915 | D:2      | Reached ** piety under Trog
   915 | D:2      | Reached skill level 4 in Unarmed Combat
  1530 | D:2      | Reached XP level 4. HP: 37/40 MP: 4/4
  2169 | D:3      | Noticed a phantom
  2185 | D:3      | Killed a phantom
  2185 | D:3      | Reached skill level 5 in Unarmed Combat
  2185 | D:3      | Reached XP level 5. HP: 47/47 MP: 5/5
  2735 | D:4      | Found a snail-covered altar of Cheibriados.
  2813 | D:4      | Noticed a phantom
  2840 | D:4      | Killed a phantom
  2840 | D:4      | Reached skill level 5 in Fighting
  2840 | D:4      | Reached XP level 6. HP: 45/56 MP: 6/6
  3000 | D:4      | Reached skill level 6 in Unarmed Combat
  3280 | D:4      | Noticed an ice beast
  3290 | D:4      | Killed an ice beast
  3590 | D:4      | Noticed Grinder
  3607 | D:4      | Killed Grinder
  3607 | D:4      | Reached skill level 7 in Unarmed Combat
  3607 | D:4      | Your scales start taking on a glossy black colour.
  3607 | D:4      | Reached XP level 7. HP: 50/63 MP: 7/7
  3607 | D:4      | Gained mutation: You are resistant to electric shocks.
                  | (rElec) [Black Draconian growth]
  3777 | D:5      | Entered Level 5 of the Dungeon
  4063 | D:5      | Reached skill level 8 in Unarmed Combat
  4326 | D:5      | Reached XP level 8. HP: 71/71 MP: 8/8
  5037 | D:6      | Noticed Edmund
  5342 | D:6      | Found a basalt altar of Yredelemnul.
  5425 | D:6      | Found an ancient bone altar of Kikubaaqudgha.
  5520 | D:6      | Reached *** piety under Trog
  5934 | D:6      | Found a staircase to the Ecumenical Temple.
  5964 | D:6      | Killed Edmund
  5964 | D:6      | Reached skill level 9 in Unarmed Combat
  6807 | D:7      | Reached skill level 10 in Unarmed Combat
  6870 | D:7      | Reached XP level 9. HP: 50/81 MP: 9/9
  7047 | D:7      | Found Naudurren's Jewellery Shop.
  7835 | D:8      | Found a sacrificial altar of Ru.
  7836 | D:8      | Noticed Maurice
  8042 | D:8      | Found a shadowy altar of Dithmenos.
  8170 | D:8      | Killed Maurice
  8233 | D:8      | Reached skill level 11 in Unarmed Combat
  8622 | D:9      | HP: 1/83 [porcupine (13)]
  8623 | D:9      | Slain by a crocodile

Levels and vault maps discovered:
D:1:      arrival_aquarium_b, layout_rooms, ebering_dispersal_statue_hall
D:2:      layout_basic
D:3:      layout_loops_ring
D:4:      layout_basic, first_ration, serial_bayou_lagoon_a,
          cheibriados_altar_1, uniq_grinder
D:5:      layout_cave_pools
D:6:      minmay_opposing_rooms, layout_loops_ring, yredelemnul_altar_generic,
          lemuel_doored_altar, minmay_temple_entry_hall, serial_glass,
          glass_columns_a, glass_columns_a, minmay_strange_pillars,
          feat_on_display, due_unseen_surprise, minmay_misc_feat_encased,
          st_stairs_10, uniq_edmund
D:7:      layout_cave_pods, serial_shops, shop, minmay_crossroads
D:8:      layout_gridville, nicolae_dithmenos_the_darkroom, basic_altar,
          uniq_maurice
D:9:      layout_roguey, nemelex_altar_shiori, due_lair_maze_entry_diamond,
          the_bakery, kb_lookout_dungeons_type, grunt_ministairs_1

Skill      XL: |  1  2  3  4  5  6  7  8  9 |
---------------+----------------------------+-----
Unarmed Combat | 4 5 7 8 10 11 | 11.4
Fighting       | 4 5 6 8 9 |  9.3
Dodging        | 4 |  4.4

Action                   |  1- 3 |  4- 6 |  7- 9 || total
-------------------------+-------+-------+-------++-------
Melee: Unarmed           |   130 |    95 |   296 ||   521
       Tailslap          |    19 |    14 |    46 ||    79
       Punch             |     3 |       |    12 ||    15
Invok: Berserk           |       |     3 |     4 ||     7
       Trog's Hand       |       |       |     3 ||     3
 Abil: Breathe Lightning |       |       |     2 ||     2
  Use: Scroll            |       |     6 |    11 ||    17
       Potion            |       |       |     1 ||     1
 Stab: Sleeping          |       |     1 |       ||     1
  Eat: Chunk             |     2 |     4 |    17 ||    23
       Ration            |       |     1 |     2 ||     3
Armor: Skin              |    53 |    17 |    70 ||   140
Dodge: Dodged            |   119 |    29 |   187 ||   335

Table legend:
 A = Non-vault XP
 B = Vault XP
 C = Vault XP percentage of total XP
 D = Non-vault monster count
 E = Vault monster count
 F = Vault count percentage of total count
                 A         B        C        D         E       F
            +---------+---------+-------+---------+---------+-------
      Total |    3787 |    1439 |  27.5 |     122 |      14 |  10.3
            +---------+---------+-------+---------+---------+-------
        D:1 |      47 |       0 |   0.0 |      23 |       0 |   0.0
        D:2 |      58 |       0 |   0.0 |      20 |       0 |   0.0
        D:3 |     189 |       0 |   0.0 |       9 |       0 |   0.0
        D:4 |     361 |     281 |  43.8 |       8 |       1 |  11.1
        D:5 |     637 |       0 |   0.0 |      17 |       0 |   0.0
        D:6 |     407 |     294 |  41.9 |      11 |       7 |  38.9
        D:7 |     986 |      34 |   3.3 |      12 |       2 |  14.3
        D:8 |     924 |     439 |  32.2 |      17 |       1 |   5.6
        D:9 |     178 |     391 |  68.7 |       5 |       3 |  37.5
            +---------+---------+-------+---------+---------+-------
